 Dungeon Crawl Stone Soup version 0.23.0-3-gf3c87f2df8 (webtiles) character file.

Game seed: 450003059570137310

683 Revguard the Chopper (level 7, -4/55 HPs)
             Began as a Formicid Monk on Feb 23, 2019.
             Slain by an ogre
             ... wielding a +0 giant spiked club
              (7 damage)
             ... on level 5 of the Dungeon.
             The game lasted 00:13:41 (3394 turns).

Revguard the Chopper (Formicid Monk)                Turns: 3394, Time: 00:13:42

Health: -4/55      AC: 15    Str: 15    XL:     7   Next: 93%
Magic:  7/7        EV:  6    Int: 10    God:
Gold:   165        SH:  0    Dex: 15    Spells: 6/6 levels left

rFire    . . .     SeeInvis +   k - +1 war axe
rCold    . . .     Gourm    .   (no shield)
rNeg     . . .     Faith    .   d - +0 plate armour
rPois    .         Spirit   .   (helmet unavailable)
rElec    .         Reflect  .   b - scarf {cloud immunity}
rCorr    .         Harm     .   (no gloves)
MR       .....                  (no boots)
Stlth    ..........             (no amulet)
HPRegen  0.18/turn              (no ring)
MPRegen  0.10/turn              a - +1 ring of slaying

@: no status effects
A: permanent stasis, dig shafts and tunnels, four strong arms, antennae 3, icy
blue scales 1, slimy green scales 1, mutation resistance 1
a: Dig, Shaft Self


You were on level 5 of the Dungeon.
You were hungry.

You visited 1 branch of the dungeon, and saw 5 of its levels.

You collected 165 gold pieces.

Inventory:

Hand Weapons
 k - a +1 war axe (weapon)
Armour
 b - a scarf of cloud immunity (worn)
 d - a +0 plate armour (worn)
 e - a +1 cloak
 i - a +0 ring mail
Jewellery
 a - a +1 ring of slaying (right hand)
 f - an uncursed ring of teleportation
Scrolls
 g - a scroll of immolation
 h - 2 scrolls of remove curse
 m - a scroll of enchant armour
Potions
 o - 3 potions of curing
Comestibles
 c - 10 rations
 j - a chunk of flesh


   Skills:
 + Level 4.9 Fighting
 + Level 6.4 Axes
 + Level 3.6 Armour
 + Level 3.7 Dodging
 - Level 2.4 Stealth


You had 6 spell levels left.
You didn't know any spells.
Your spell library was empty.

Dungeon Overview and Level Annotations

Branches:
Dungeon (5/15)             Temple (0/1) D:5

Altars:
Qazlal


Innate Abilities, Weirdness & Mutations

You cannot be hasted, slowed, berserked, paralysed or teleported.
You can dig through walls and to a lower floor.
Your four strong arms can wield two-handed weapons with a shield.
You have a pair of large antennae on your head. (SInv)
You are partially covered in icy blue scales. (AC +2)
You are partially covered in slimy green scales. (AC +2)
You are somewhat resistant to further mutation.


Message History

You destroy the adder zombie!
The centaur shoots an arrow.
The arrow barely misses you.
You closely miss the ogre.
The ogre hits you with a +0 giant spiked club!!
You hit the ogre.
The ogre is lightly wounded.
The ogre hits you with a +0 giant spiked club.
You barely miss the ogre.
The ogre is lightly wounded.
The ogre hits you with a +0 giant spiked club!!
* * * LOW HITPOINT WARNING * * *
Wield which item (- for none, * to show all)? (? for menu, Esc to quit)
Okay, then.
It was a potion of mutation.
You feel extremely strange.
Slimy green scales grow over part of your body.
Icy blue scales grow over part of your body.
You feel genetically stable.
There is a stone staircase leading up here.
The ogre hits you with a +0 giant spiked club!
You die...

#..#....#..##....
##.#.##.#...+....
#...#..##.##....
##a.#...........
#..#...#รท##....
#..##..#.##....
#......#.######
####Z.###.#.#
#@Oca.###.#.####
#(###..##......#
#.# ##.####.##.#
..# #.# #.....#
#### #.###..####
#..##..# ##.##..#
###.##..#
#.......#


You could see an ogre, a centaur, a worker ant and a bullfrog zombie.

Vanquished Creatures
  Grinder (D:5)
  Sigmund (D:2)
  A howler monkey (D:4)
  A crimson imp (D:4)
  2 hounds
  A worker ant (D:4)
  8 adders
  2 oozes
  An adder zombie (D:5)
  4 worms
  A dart slug (D:3)
  3 leopard geckos
  12 orcs
  4 bats
  4 giant cockroaches
  4 hobgoblins (D:3)
  14 jackals
  2 kobolds
  3 quokkas
  A ball python (D:4)
  3 frilled lizards
  5 goblins
  A quokka zombie (D:5)
  4 rats
83 creatures vanquished.

Notes
Turn   | Place    | Note
-------+----------+-------------------------------------------
     0 | D:1      | Revguard the Formicid Monk began the quest for the Orb.
     0 | D:1      | Reached XP level 1. HP: 18/18 MP: 1/1
   560 | D:1      | You fall through a shaft!
   564 | D:2      | Reached XP level 2. HP: 21/24 MP: 2/2
   589 | D:2      | Reached XP level 3. HP: 9/29 MP: 3/3
  1238 | D:2      | Reached XP level 4. HP: 24/37 MP: 4/4
  1424 | D:2      | Reached skill level 4 in Axes
  1445 | D:2      | Noticed Sigmund
  1462 | D:2      | Killed Sigmund
  1462 | D:2      | Reached XP level 5. HP: 37/42 MP: 5/5
  1462 | D:2      | Reached XP level 6. HP: 42/48 MP: 6/6
  1742 | D:2      | Reached skill level 5 in Axes
  1942 | D:3      | Found a stormy altar of Qazlal.
  2416 | D:4      | Reached XP level 7. HP: 17/55 MP: 7/7
  3082 | D:5      | Entered Level 5 of the Dungeon
  3145 | D:5      | Noticed Grinder
  3159 | D:5      | Killed Grinder
  3159 | D:5      | Reached skill level 6 in Axes
  3350 | D:5      | Found a staircase to the Ecumenical Temple.
  3392 | D:5      | Gained mutation: You are partially covered in slimy green
                  | scales. (AC +2) [potion of mutation]
  3392 | D:5      | Gained mutation: You are partially covered in icy blue
                  | scales. (AC +2) [potion of mutation]
  3392 | D:5      | Gained mutation: You are somewhat resistant to further
                  | mutation. [potion of mutation]
  3394 | D:5      | Slain by an ogre

Skill      XL: |  1  2  3  4  5  6  7 |
---------------+----------------------+-----
Dodging        | 3 |  3.7
Axes           | 4 5 6 |  6.4
Fighting       | 4 |  4.9
Armour         | 2 3 |  3.6
Stealth        | |  2.4

Action                   |  1- 3 |  4- 6 |  7- 9 || total
-------------------------+-------+-------+-------++-------
Melee: Hand axe          |    83 |       |       ||    83
       War axe           |     8 |   106 |    85 ||   199
 Abil: Dig               |     1 |     1 |     1 ||     3
  Use: Potion            |     1 |     6 |     1 ||     8
       Scroll            |       |     5 |     3 ||     8
 Stab: Sleeping          |     1 |       |       ||     1
  Eat: Chunk             |     1 |     4 |     3 ||     8
Armor: Robe              |     6 |       |       ||     6
       Ring mail         |    39 |    36 |     6 ||    81
       Plate armour      |       |       |    43 ||    43
Dodge: Dodged            |    83 |    86 |    35 ||   204
